Map: King's Cove LE

Players

llIlIllIllII (Stephano)

  • Race: Zerg Zerg
  • League: Grandmaster
  • Spawn Location: 5:00

Lambo - Winner!

  • Race: Zerg Zerg
  • League: Grandmaster
  • Spawn Location: 11:00

VOD

Have the link to the VOD?

Description

Time

  • Played on: Feb. 10, 2019, 7:28 a.m.
  • Length: 4:07
Show
View Real Time Build Order
Export as new Build Order

llIlIllIllII Zerg 

Build Orders: Hatch First 

Get SALT Encoding   

  12  0:00  Drone  
  13  0:12  Overlord  
  13  0:17  Drone  
  14  0:30  Drone x2  
  16  0:48  Hatchery  
  15  0:52  Drone  
  15  0:55  Drone  
  17  0:58  Drone  
  18  1:09  Extractor  
  17  1:15  Spawning Pool  
  17  1:17  Drone  
  17  1:21  Drone  
  18  1:28  Drone  
  19  1:38  Drone  
  20  1:49  Drone  
  21  2:00  Overlord  
  22  2:01  Queen x2, Drone  
  26  2:11  Drone x2  
  28  2:21  Drone  
  28  2:22  Drone  
  30  2:33  Overlord  
  30  2:35  Drone  
  31  2:37  Queen  
  31  2:39  Lair  
  33  2:44  Extractor  
  33  2:45  Drone x2  
  33  2:50  Roach Warren  
  33  2:55  Drone x2  
  35  3:06  Drone  
  35  3:09  Drone x2  
  35  3:12  Drone x2  
  40  3:13  Drone x2  
  40  3:18  Overlord  
  42  3:23  Overlord  
  42  3:25  Overlord  
  42  3:31  Evolution Chamber  
  40  3:37  Zergling x2  
  40  3:38  Zergling x4  
  40  3:41  Roach  
  45  3:45  Roach x2  
  48  3:48  Roach  
Show
View Real Time Build Order
Export as new Build Order

Lambo Zerg - Winner!

Build Orders: Hatch First 

Get SALT Encoding   

  12  0:01  Drone  
  13  0:13  Overlord  
  13  0:18  Drone  
  14  0:32  Drone x2  
  16  0:49  Hatchery  
  15  0:53  Drone  
  15  0:56  Drone  
  17  1:00  Drone  
  18  1:08  Extractor  
  17  1:15  Spawning Pool  
  16  1:19  Drone  
  16  1:22  Drone  
  18  1:29  Drone  
  19  1:40  Drone  
  20  1:52  Drone  
  21  2:01  Drone  
  21  2:02  Queen x2  
  21  2:03  Overlord  
  26  2:10  Metabolic Boost  
  26  2:14  Zergling x2  
  27  2:15  Drone  
  28  2:23  Drone  
  28  2:24  Drone  
  30  2:35  Drone  
  31  2:39  Hatchery  
  31  2:42  Zergling x2  
  31  2:44  Zergling x2  
  31  2:47  Overlord  
  32  2:56  Zergling x4  
  34  3:05  Zergling x2  
  35  3:08  Zergling x2  
  35  3:12  Zergling x10  
  41  3:17  Zergling x2  
  42  3:20  Overlord  
  42  3:22  Overlord  
  42  3:30  Roach Warren  
  42  3:33  Overlord  
  41  3:37  Zergling x2  
  41  3:44  Drone x4  
  41  3:46  Drone x2  
  46  3:48  Drone  
  46  3:52  Drone  
  46  3:54  Drone  
Tags
 
Add a new tag
Caveats
  • Supply blocks, unpowered buildings, or Contaminate may cause inaccurate times.
  • Supply counts are checked every 10 seconds.